cohdb
Replays
Latest Replays
All Replays
Popular Replays
Top Player Replays
Match Explorer
How It Works
Community
CoH3 Stats
Reddit
Sign in to upload your games and track your stats! →
Sign in with Steam
Match 40545574
Unlisted
Match 40545574
Overview
Messages
Build Orders
End
Panzergrenadier Squad
Selects Battlefield Espionage Battlegroup
Panzergrenadier Squad
Panzergrenadier Squad
Construct Light Support Kompanie
Selects Intel Disruption Beacon
2.5-tonne Medical Truck
Fire Support Elements
le.IG 18 Mechanized Group
Selects Transfer Depots
Construct Panzerarmee Kommand
2.5-tonne Medical Truck
Selects Firestorm
Panzer III L Medium Tank
Selects 250/3 Funkpanzerwagen
Selects Anti-Tank Incendiary Munitions
Rapid Advance
Armored Reserves
Emergency Repair Kits
Panzer III L Medium Tank
Firestorm
Tungsten Core Ammunition
Selects Operation Skorpion
Panzer III L Medium Tank
Kradschützen Motorcycle Team
Panzergrenadier Squad
Panzer III L Medium Tank
Joharans
UH|dun! ツ
Koldit
Wanjas
FROSTY_PL_01
SolidRaziel
0
0
Comments
sign in to comment!
No comments posted yet!